 Dungeon Crawl Stone Soup version 0.30.1-3-gfc49f6343a (webtiles) character file.

Game seed: 10917207686635397573

274026 Zeor the Slayer (level 20, -17/147 HPs)
             Began as a Gargoyle Monk on July 25, 2023.
             Was the Champion of Wu Jian.
             Demolished by a +2 executioner's axe of flaming (18 damage)
             ... on level 2 of the Elven Halls on July 26, 2023.
             The game lasted 04:01:41 (40453 turns).

Zeor the Slayer (Gargoyle Monk)                    Turns: 40453, Time: 04:01:41

Health: -17/147    AC: 40    Str: 28    XL:     20   Next: 30%
Magic:  0/20       EV: 15    Int:  6    God:    Wu Jian [******]
Gold:   70         SH:  0    Dex: 15    Spells: 19/19 levels left

rFire   + + +        s - +5 quarterstaff (heavy)
rCold   + . .        (shield currently unavailable)
rNeg    + . .        k - +3 scale mail {Will+}
rPois   ∞            b - +1 helmet {SInv}
rElec   +            M - scarf {rC+ rF+}
rCorr   +            Y - +2 pair of gloves {infuse}
SInv    +            p - +1 pair of boots "Hywnon" {rF++ Will- rCorr Stlth-}
Will    +++..        R - amulet "Zuhecy" {Spirit rCorr Int-5 Dex+3} Stlth
                     j - ring of willpower
HPRegen 0.44/turn    Q - ring of Muxink {Will+ Str+4}
MPRegen 0.17/turn

%: guardian spirit
@: mighty, flying, studying Dodging
A: sickness immunity, AC +15, big wings, negative energy resistance 1,
electricity resistance, torment resistance 1, petrification resistance
}: 2/15 runes: decaying, serpentine
a: Renounce Religion, Wall Jump, Serpent's Lash, Heavenly Storm


You were on level 2 of the Elven Halls.
You worshipped Wu Jian.
Wu Jian was exalted by your worship.
You visited 7 branches of the dungeon, and saw 33 of its levels.
You visited 1 bazaar.
You also visited: Bailey, Gauntlet, Ice Cave and Volcano.

You collected 5837 gold pieces.
You spent 5767 gold pieces at shops.

Inventory:

Hand Weapons
 a - a +2 quarterstaff of draining
 s - a +5 heavy quarterstaff (weapon)
Missiles
 B - 24 curare-tipped darts (quivered)
 E - 2 throwing nets
Armour
 b - a +1 helmet of see invisible (worn)
 c - the +0 pair of gloves of Mumblety Peg {Rampage rF- rN+ Will+}
   (You bought it in a shop in a bazaar)

   rF:        It makes you vulnerable to fire.
   rN:        It protects you from negative energy.
   Rampage:   It bestows one free step when moving towards enemies.
   Will:      It increases your willpower.
 k - a +3 scale mail of willpower (worn)
 p - the +1 pair of boots "Hywnon" (worn) {rF++ Will- rCorr Stlth-}
   (You bought it in a shop on level 7 of the Dungeon)

   rF:        It greatly protects you from fire.
   rCorr:     It protects you from acid and corrosion.
   Will:      It decreases your willpower.
   Stlth:     It makes you less stealthy.
 x - +0 ice dragon scales
 A - the +4 chain mail of Niwki {Dex+4 Slay+2}
   (You found it on level 3 of the Snake Pit)

   Dex:       It affects your dexterity (+4).
   Slay:      It affects your accuracy & damage with ranged weapons and melee
   (+2).
 G - the +0 cloak of Servitude {Regen+}
   (You found it on level 5 of the Lair of Beasts)

   Regen:     It increases your rate of health regeneration.
 M - a scarf of resistance (worn)
 W - the +2 hat of the Furies {rPois Str+3}
   (You found it in a Gauntlet)

   Str:       It affects your strength (+3).
   rPois:     It protects you from poison.
 Y - a +2 pair of gloves of infusion (worn)
Jewellery
 j - a ring of willpower (left hand)
 r - a ring of positive energy
 t - a +4 ring of slaying
 u - the ring of Ginoal {rF+ rC- EV+5 Str+4}
   (You took it off a naga ritualist on level 2 of the Snake Pit)

   [ring of evasion]

   EV:        It affects your evasion (+5).
   Str:       It affects your strength (+4).
   rF:        It protects you from fire.
   rC:        It makes you vulnerable to cold.
 F - a ring of protection from cold
 Q - the ring of Muxink (right hand) {Will+ Str+4}
   (You bought it in a shop on level 7 of the Dungeon)

   [ring of willpower]

   Str:       It affects your strength (+4).
   Will:      It increases your willpower.
 R - the amulet "Zuhecy" (around neck) {Spirit rCorr Int-5 Dex+3}
   (You bought it in a shop on level 7 of the Dungeon)

   [amulet of guardian spirit]

   It causes incoming damage to be divided between your reserves of health and
   magic.
   Int:       It affects your intelligence (-5).
   Dex:       It affects your dexterity (+3).
   rCorr:     It protects you from acid and corrosion.
 U - the ring "Nili" {Fire Slay+3}
   (You found it in a Gauntlet)

   [ring of fire]

   It enhances your fire magic.
   Slay:      It affects your accuracy & damage with ranged weapons and melee
   (+3).
   rF:        It protects you from fire.
   rC:        It makes you vulnerable to cold.
Wands
 h - a wand of mindburst (35)
 o - a wand of acid (13)
 v - a wand of charming (79)
 y - a wand of flame (53)
 C - a wand of digging (16)
 V - a wand of polymorph (12)
 X - a wand of iceblast (19)
Scrolls
 d - 3 scrolls of fear
 e - a scroll of blinking
 f - 16 scrolls of teleportation
 i - 3 scrolls of poison
 D - 6 scrolls of enchant weapon
 I - a scroll of brand weapon
 J - 5 scrolls of magic mapping
 K - a scroll of silence
 N - 2 scrolls of enchant armour
 O - 25 scrolls of identify
 S - 3 scrolls of fog
 T - 5 scrolls of immolation
Potions
 g - a potion of heal wounds
 l - 17 potions of curing
 m - 2 potions of haste
 q - 3 potions of cancellation
 w - 3 potions of resistance
 L - 2 potions of berserk rage
 P - a potion of might
 Z - 2 potions of invisibility
Miscellaneous
 n - a box of beasts (inert)
 z - a lightning rod (4/4)
 H - a phial of floods (inert)


   Skills:
 + Level 22.5 Fighting
 + Level 4.2(11.2) Maces & Flails
 + Level 3.5(10.2) Polearms
 - Level 15.9(16.3) Staves
 + Level 0.1 Throwing
 * Level 22.2 Armour
 + Level 9.2 Dodging
 + Level 4.4 Stealth
 + Level 9.2 Evocations


You had 19 spell levels left.
You didn't know any spells.
Your spell library contained the following spells:

 Spells                   Type           Power      Damage    Failure   Level
 Necrotise                Necr           0%         1d4       58%         1
 Slow                     Hex            0%         N/A       58%         1
 Summon Small Mammal      Summ           0%         N/A       58%         1
 Blink                    Tloc           0%         N/A       75%         2
 Lesser Beckoning         Tloc           0%         N/A       75%         2
 Momentum Strike          Conj/Tloc      0%         3d8       75%         2
 Poisonous Vapours        Pois/Air       0%         N/A       75%         2
 Static Discharge         Conj/Air       0%         2-2/arc   75%         2
 Wereblood                Tmut           0%         N/A       75%         2
 Confusing Touch          Hex            0%         N/A       92%         3
 Frozen Ramparts          Ice            0%         1d1       92%         3
 Gell's Gravitas          Tloc           0%         N/A       92%         3
 Hailstorm                Conj/Ice       0%         3d3       92%         3
 Ignite Poison            Fire/Tmut/Pois 0%         N/A       92%         3
 Inner Flame              Hex/Fire       0%         N/A       92%         3
 Teleport Other           Tloc           0%         N/A       92%         3
 Vampiric Draining        Necr           0%         2d6       92%         3
 Vhi's Electric Charge    Tloc/Air       0%         N/A       92%         3
 Airstrike                Air            0%         2d(0-16)  100%        4
 Flame Wave               Conj/Fire      0%         2d4       100%        4
 Ice Form                 Ice/Tmut       0%         N/A       100%        4
 Passage of Golubria      Tloc           0%         N/A       100%        4
 Sticky Flame             Conj/Fire      0%         2d3       100%        4
 Summon Ice Beast         Ice/Summ       0%         N/A       100%        4
 Summon Lightning Spire   Summ/Air       0%         N/A       100%        4
 Agony                    Necr           0%         N/A       100%        5
 Arcjolt                  Conj/Air       0%         1d10      100%        5
 Silence                  Hex/Air        0%         N/A       100%        5
 Summon Forest            Summ/Tloc      0%         N/A       100%        5
 Summon Mana Viper        Hex/Summ       0%         N/A       100%        5
 Eringya's Noxious Bog    Tmut/Pois      0%         N/A       100%        6
 Simulacrum               Ice/Necr       0%         N/A       100%        6
 Summon Cactus Giant      Summ           0%         N/A       100%        6
 Monstrous Menagerie      Summ           0%         N/A       100%        7
 Ozocubu's Refrigeration  Ice            0%         4d7       100%        7
 Summon Hydra             Summ           0%         N/A       100%        7
 Ignition                 Fire           0%         3d3       100%        8
 Lehudib's Crystal Spear  Conj/Erth      0%         10d2      100%        8
 Maxwell's Capacitive Co  Air            0%         ∞         100%        8
 Summon Horrible Things   Summ           0%         N/A       100%        8
 Polar Vortex             Ice            0%         N/A       100%        9
 Sublimation of Blood     Necr           Unusable   N/A       N/A         2

Dungeon Overview and Level Annotations

Branches:
Dungeon (15/15)            Temple (1/1) D:4            Lair (5/5) D:11
  Swamp (4/4) Lair:3        Snake (4/4) Lair:2        Slime (0/5) Lair:4
    Orc (2/2) D:9             Elf (2/3) Orc:2        Vaults (0/5) D:13
 Depths (0/4) D:15         Bailey (visited)           IceCv (visited)
Volcano (visited)         Gauntlet (visited)

Altars:
Ashenzari
Cheibriados
Dithmenos
Elyvilon
Fedhas
Gozag
Hepliaklqana
Kikubaaqudgha
Makhleb
Nemelex Xobeh
Okawaru
Qazlal
Ru
Sif Muna
Trog
Uskayaw
Vehumet
Wu Jian
Xom
Yredelemnul
Zin
The Shining One
Jiyva

Shops:
D:4 *?=!:   D:7 (:*=   D:13 [   D:15 *   Orc:1 ?   Orc:2 *!?=[   Elf:1 *
Elf:2 *   Snake:2 =:=

Annotations:
D:1 1 transporter
Lair:2 exclusion: oklob plant
Swamp:4 1 runed translucent door, LordWeiramon's ghost, adept DjTm


Innate Abilities, Weirdness & Mutations

You are immune to sickness and miasma.
Your stone body is resilient. (AC +15)
You are immune to poison.
Your large and strong wings let you fly.
You resist negative energy. (rN+)
You are resistant to electric shocks. (rElec)
You are resistant to unholy torment.
You are immune to petrification.


Message History

The +2 halberd of venom hits you but does no damage.
The deep elf knight hits your mature firebat beast with a +0 short sword!
The +2 executioner's axe of flaming hits your mature firebat beast!!
The +2 executioner's axe of flaming burns your mature firebat beast.
The +2 halberd of venom hits you from afar!!
* * * LOW HITPOINT WARNING * * *
The +1 heavy broad axe hits you but does no damage.
The +1 heavy broad axe hits your mature firebat beast!
Your mature firebat beast breathes flames at the +2 executioner's axe of flaming.
The blast of flame hits the +2 executioner's axe of flaming.
The +2 executioner's axe of flaming resists.
The +2 halberd of venom hits you but does no damage.
The +2 executioner's axe of flaming hits your mature firebat beast!!
You spin and attack the +1 heavy broad axe.
You barely miss the +1 heavy broad axe.
You spin and attack the deep elf knight.
The deep elf knight blocks your attack. The +1 heavy broad axe hits you!
* * * LOW HITPOINT WARNING * * *
The deep elf knight barely misses your mature firebat beast.
The deep elf knight hits you but does no damage.
Your mature firebat beast barely misses the +2 executioner's axe of flaming.
The +2 halberd of venom hits you but does no damage.
You feel much better. The +1 heavy broad axe hits you!!
* * * LOW HITPOINT WARNING * * *
The deep elf knight hits you but does no damage.
Your mature firebat beast barely misses the +2 executioner's axe of flaming.
The +2 halberd of venom hits you but does no damage.
The deep elf knight hits you but does no damage.
Unknown command.
Okay, then.
As you read the scroll of fear, it crumbles to dust.
You assume a fearsome visage.
The deep elf knight looks frightened!
The +2 executioner's axe of flaming is unaffected.
The +1 heavy broad axe is unaffected.
The deep elf knight looks frightened!
The +2 halberd of venom is unaffected.
The +1 heavy broad axe hits you!
* * * LOW HITPOINT WARNING * * *
Your mature firebat beast misses the +2 halberd of venom.
The +2 halberd of venom hits you but does no damage.
The +2 executioner's axe of flaming hits you!!
You die...

∙∙∙∙∙∙▒∙∙∙)∙∙▒∙∙∙∙∙∙∙▒∙∙∙
∙∙∙∙▒∙∙∙∙∙∙∙∙▒∙∙∙∙∙▒∙∙∙∙
∙∙▒∙∙∙∙∙∙∙∙∙∙▒∙∙∙▒∙∙∙∙∙
▒∙∙∙∙∙∙∙∙∙∙∙∙▒▒▒∙∙∙∙∙∙
▒∙∙∙∙)∙∙∙∙∙∙∙▒ ▒∙∙∙∙∙∙
▒∙∙e)H∙∙∙∙∙∙∙▒▒▒∙∙∙∙∙∙
∙∙▒∙∙)()∙∙∙∙∙▒∙∙∙▒∙∙∙∙∙
▒∙∙∙∙∙▒∙((∙∙∙∙∙▒∙∙∙∙∙▒∙∙∙∙
∙∙∙∙∙∙∙▒e9∙∙∙∙▒∙∙∙∙∙∙∙▒∙∙∙
∙∙∙∙∙∙∙∙▒∙∙∙∙▒∙∙∙∙∙∙∙∙∙▒∙∙
∙∙∙∙∙∙∙∙∙▒∙∙▒∙∙∙∙∙∙∙∙∙∙∙▒∙
∙∙∙∙∙∙∙∙∙∙▒▒∙∙∙∙∙∙∙∙∙∙∙∙∙▒


∙∙∙∙∙∙∙∙∙∙ ▒∙∙∙∙∙∙∙∙∙∙)∙∙▒ ∙∙∙∙∙∙∙∙∙ ∙▒∙∙∙∙∙∙∙∙∙∙∙▒∙ ∙∙∙∙∙∙∙∙▒ ∙∙▒∙∙∙∙∙∙∙∙∙▒)∙
∙∙∙∙▒ ∙∙∙▒∙∙∙∙∙∙∙▒∙∙∙ ∙∙∙∙▒∙∙∙∙∙▒∙∙∙∙ You could see 2 deep elf knights, 3
dancing weapons and a friendly mature firebat beast (summoned).

Vanquished Creatures
  Mlioglotl (Swamp:2)
  An Ice Fiend (IceCv)
  The ghost of Haamyaq the Brawler, an adept TrFi of Jiyva (Snake:3)
  Frances (D:12)
  The ghost of croobank the Fighter, an adept DsMo of Vehumet (Snake:3)
  Donald (Orc:2)
  8 nagarajas
  2 fenstrider witches (Swamp:2)
  The ghost of Luxzac the Destroyer, a journeyman GrEE of Vehumet (Snake:3)
  A deep elf elementalist (Elf:1)
  Aizul (Snake:3)
  3 ghouls (Swamp:1)
  4 eleionomae
  A deep elf annihilator (Elf:1)
  A minotaur (Gauntlet)
  4 bunyips
  Azrael (Elf:2)
  2 shambling mangroves (Swamp:3)
  3 hydras
  3 salamander tyrants
  4 ice dragons (Swamp:4)
  A caustic shrike simulacrum (IceCv)
  6 centaur warriors
  A ghost crab (Swamp:3)
  17 anacondas
  2 death knights
  7 boulder beetles
  25 naga warriors
  11 alligators
  3 two-headed ogres
  2 tengu warriors (D:13)
  3 death yaks (Gauntlet)
  20 dancing weapons
  4 orc high priests
  2 shock serpents (Snake:3)
  15 deep elf knights
  9 naga sharpshooters
  Sonja (Orc:1)
  A hell knight (Volcano)
  7 salamander mystics
  2 skysharks (Lair:5)
  4 goliath frogs
  2 spriggan druids
  11 naga ritualists
  2 swamp dragons
  10 deep elf archers
  4 spriggan simulacra (IceCv)
  5 bog bodies
  An obsidian statue (IceCv)
  A wizard (D:14)
  3 lindwurms
  18 deep elf pyromancers
  6 orc knights
  8 mana vipers
  2 necromancers
  13 ugly things
  21 deep elf zephyrmancers
  3 orc sorcerers (Orc:2)
  6 cyclopes
  4 will-o-the-wisps
  26 salamanders
  A worldbinder (Gauntlet)
  3 elephants (Lair:4)
  2 manticores (D:14)
  An ice statue (Elf:1)
  3 guardian serpents
  55 black mambas
  A torpor snail (Lair:3)
  28 naga magi
  3 gargoyles
  6 cane toads
  A rust devil (Gauntlet)
  7 freezing wraiths
  Psyche (D:10)
  5 kobold demonologists
  4 anaconda simulacra (IceCv)
  9 ice devils (IceCv)
  11 rime drakes
  2 efreet (D:15)
  8 komodo dragons
  5 yaktaurs
  3 meliai (D:14)
  A bloated husk (Swamp:1)
  3 trolls
  21 hornets
  6 tyrant leeches
  A wolf spider simulacrum (D:15)
  11 polar bears
  12 dream sheep
  A meliai zombie (D:15)
  3 blink frogs (Lair:2)
  12 slime creatures (D:12)
  2 air elementals
  6 wyverns
  27 spriggans
  3 water elementals
  A centaur simulacrum (D:15)
  3 dire elephant simulacra (IceCv)
  4 fire elementals
  A vampire (D:10)
  A ynoxinul (Gauntlet)
  2 wraiths
  48 yaks
  4 fire bats (Volcano)
  12 steam dragons
  15 vampire mosquitoes
  9 basilisks
  3 swamp worm simulacra (Swamp:4)
  10 minotaur simulacra (IceCv)
  52 nagas
  6 wargs
  11 swamp worms
  16 hydra simulacra
  5 acid dragons
  3 hell hounds (Elf:2)
  10 water moccasins
  Duvessa (D:6)
  5 black bears
  An alligator simulacrum (IceCv)
  23 orc warriors
  9 ogres
  3 sky beasts
  A swamp drake (Swamp:1)
  19 wolves (Lair:5)
  A meliai simulacrum (D:15)
  2 ettin simulacra (IceCv)
  6 centaurs
  7 boggarts
  3 phantoms
  8 kobold brigands
  9 bullfrogs
  2 earth elementals (Elf:2)
  3 gnoll sergeants
  2 scorpions
  10 deep troll simulacra (IceCv)
  Dowan (D:6)
  A lindwurm simulacrum (IceCv)
  A howler monkey (D:6)
  2 electric eels (Lair:1)
  7 lava snakes (Volcano)
  18 orc priests
  4 hounds
  6 jellies
  3 iron imps (Gauntlet)
  3 sleepcaps
  Crazy Yiuf (D:2)
  Terence (D:3)
  6 iguanas
  25 orc wizards
  7 adders
  18 gnolls
  A white imp (D:8)
  An ufetubus (D:6)
  5 swamp drake simulacra (Swamp:4)
  2 dart slugs
  A worm (D:4)
  67 orcs
  18 endoplasms
  9 goblins
  9 hobgoblins
  5 quokkas
  5 ball pythons
  7 bats
  5 frilled lizards
  24 kobolds
  5 rats
  A butterfly (D:4)
1202 creatures vanquished.

Vanquished Creatures (collateral kills)
  A deep elf knight (Elf:2)
  Pikel (D:5)
  A black mamba (Snake:3)
  A naga (Snake:3)
  A kobold brigand (Bailey)
5 creatures vanquished.

Vanquished Creatures (others)
  A dancing weapon (Elf:2)
  A deep elf pyromancer (Elf:1)
  A naga mage (Snake:3)
  3 bloated husks
  2 hornets (Swamp:4)
  A tyrant leech (Swamp:2)
  2 spriggans (Swamp:4)
  A vampire mosquito (D:12)
  A swamp worm (Swamp:3)
  A hell hound (Elf:2)
  A kobold brigand (Bailey)
  13 foxfires
28 creatures vanquished.

Grand Total: 1235 creatures vanquished

Notes
Turn   | Place    | Note
-------+----------+-------------------------------------------
     0 | D:1      | Zeor the Gargoyle Monk began the quest for the Orb.
     0 | D:1      | Reached XP level 1. HP: 14/14 MP: 1/1
   219 | D:1      | Reached XP level 2. HP: 19/19 MP: 2/2
   599 | D:1      | Reached XP level 3. HP: 21/24 MP: 3/3
  1177 | D:2      | Reached XP level 4. HP: 29/29 MP: 4/4
  1227 | D:2      | Found a runed translucent door.
  1228 | D:2      | Noticed Crazy Yiuf
  1550 | D:2      | Killed Crazy Yiuf
  1551 | D:2      | Reached skill level 1 in Armour
  1730 | D:3      | Found a shadowy altar of Dithmenos.
  1845 | D:3      | Reached XP level 5. HP: 32/33 MP: 5/5
  1861 | D:3      | Reached skill level 1 in Staves
  2032 | D:3      | Found a faded altar of an unknown god.
  2177 | D:3      | Noticed Terence
  2185 | D:3      | Killed Terence
  2374 | D:4      | Reached XP level 6. HP: 37/38 MP: 6/6
  2482 | D:4      | Found Otijocae's Book Boutique.
  2494 | D:4      | Found Qarphaim's Distillery.
  2499 | D:4      | Found a staircase to the Ecumenical Temple.
  2506 | D:4      | Bought a potion of degeneration for 14 gold pieces
  2506 | D:4      | Bought a potion of flight for 42 gold pieces
  2516 | Temple   | Entered the Ecumenical Temple
  2706 | D:4      | Found Lysounwuda's Magic Scroll Emporium.
  2718 | D:4      | Bought a scroll of identify for 28 gold pieces
  2718 | D:4      | Bought a scroll of identify for 28 gold pieces
  2830 | D:4      | You fall into a shaft and drop 2 floors!
  2999 | D:6      | Found a basalt altar of Yredelemnul.
  3051 | D:5      | Entered Level 5 of the Dungeon
  3177 | D:4      | Reached XP level 7. HP: 40/43 MP: 7/7
  3375 | D:4      | Found Quet's General Store.
  3383 | D:4      | Bought a potion of heal wounds for 60 gold pieces
  3407 | D:4      | Found a radiant altar of Vehumet.
  3572 | D:4      | Found a blossoming altar of Fedhas.
  3572 | D:4      | Found a sparkling altar of Nemelex Xobeh.
  3579 | D:4      | Reached XP level 8. HP: 54/54 MP: 8/8
  3718 | D:4      | Found Kyngoly's Jewellery Boutique.
  4004 | D:5      | Noticed Pikel
  4020 | D:5      | Killed Pikel
  4021 | D:5      | Reached XP level 9. HP: 48/59 MP: 7/9
  4741 | D:6      | Noticed Duvessa
  4744 | D:6      | Noticed Dowan
  4754 | D:6      | Killed Duvessa
  4759 | D:6      | Killed Dowan
  4820 | D:6      | Found an ornate altar of the Wu Jian Council.
  4835 | D:6      | Became a worshipper of the Wu Jian Council
  4835 | D:6      | Reached * piety under Wu Jian
  4835 | D:6      | Reached ** piety under Wu Jian
  5469 | D:7      | Reached skill level 5 in Dodging
  5567 | D:7      | Found Tetovoog's Assorted Antiques.
  5576 | D:7      | Found Wafaz's Jewellery Shoppe.
  5580 | D:7      | Bought a scroll labelled BUONUE GOAK for 29 gold pieces
  5717 | D:7      | Found a broken altar of Ashenzari.
  5745 | D:7      | Found a bloodstained altar of Trog.
  5897 | D:7      | Found Jomudwocs's Weapon Shop.
  5951 | D:7      | Bought a pair of translucent boots for 275 gold pieces
  5951 | D:7      | Identified the +1 pair of boots "Hywnon" {rF++ Will- rCorr
                  | Stlth-} (You bought it in a shop on level 7 of the Dungeon)
  6105 | D:7      | Found Oteph's Book Shoppe.
  6149 | D:7      | Reached XP level 10. HP: 65/65 MP: 10/10
  6319 | D:8      | Noticed a +0 hand axe
  6319 | D:8      | Noticed a +0 hand axe
  6327 | D:8      | Found a hide-covered altar of Uskayaw.
  6443 | D:8      | Found a burning altar of Makhleb.
  6516 | D:8      | Reached skill level 10 in Staves
  6640 | D:8      | Reached skill level 1 in Stealth
  7030 | D:9      | Noticed a two-headed ogre
  7049 | D:9      | Killed a two-headed ogre
  7226 | D:9      | Reached *** piety under Wu Jian
  7297 | D:9      | Found a staircase to the Orcish Mines.
  7334 | D:9      | Noticed a two-headed ogre
  7351 | D:9      | Killed a two-headed ogre
  7605 | D:9      | Found a white marble altar of Elyvilon.
  7653 | D:9      | Found a flagged portal.
  7660 | Bailey   | Entered a bailey
  7697 | Bailey   | Reached XP level 11. HP: 55/69 MP: 9/11
  7802 | Bailey   | Noticed an orc knight
  7811 | Bailey   | Found an iron altar of Okawaru.
  7818 | Bailey   | Killed an orc knight
  7988 | Bailey   | Got the Volume of the Spider and the Entourage
  8366 | D:10     | Entered Level 10 of the Dungeon
  8539 | D:10     | Reached **** piety under Wu Jian
  8575 | D:10     | Found an opulent altar of Gozag.
  8778 | D:10     | Noticed Psyche
  8797 | D:10     | Found an ancient bone altar of Kikubaaqudgha.
  8926 | D:10     | Killed Psyche
  9264 | D:11     | Found a staircase to the Lair.
  9816 | D:11     | Reached XP level 12. HP: 44/76 MP: 7/12
 10188 | Lair:1   | Entered Level 1 of the Lair of Beasts
 10329 | Lair:1   | Reached ***** piety under Wu Jian
 11047 | Lair:2   | Reached skill level 10 in Fighting
 11061 | Lair:2   | Reached skill level 10 in Armour
 11138 | Lair:2   | Noticed a boulder beetle
 11160 | Lair:2   | Killed a boulder beetle
 11207 | Lair:2   | Identified the +3 leather armour of Oddeihe Xaips {Fly}
 11257 | Lair:2   | Found a staircase to the Snake Pit.
 11587 | Lair:2   | Found a dark tunnel.
 11595 | Volcano  | Entered a volcano
 11691 | Volcano  | Noticed a centaur warrior
 11694 | Volcano  | Noticed a hell knight
 11701 | Volcano  | Killed a centaur warrior
 11708 | Volcano  | Killed a hell knight
 11709 | Volcano  | Reached XP level 13. HP: 33/84 MP: 6/13
 11728 | Volcano  | Found a bloodstained altar of Trog.
 11925 | Volcano  | Found a bloodstained altar of Trog.
 11953 | Lair:2   | Reached skill level 5 in Evocations
 11953 | Lair:2   | Gained mutation: Your large and strong wings let you fly.
                  | [Gargoyle growth]
 11953 | Lair:2   | Reached XP level 14. HP: 91/91 MP: 14/14
 12912 | Lair:3   | Found a staircase to the Swamp.
 12917 | Lair:3   | Reached skill level 1 in Polearms
 13351 | Lair:3   | Identified the +1 leather armour "Jyroacha" {rElec Int+2
                  | Dex-2}
 13576 | Lair:4   | Found a viscous altar of Jiyva.
 13576 | Lair:4   | Found a staircase to the Slime Pits.
 13606 | Lair:4   | You are sucked into a shaft and drop 1 floor!
 13606 | Lair:5   | Entered Level 5 of the Lair of Beasts
 14339 | Lair:4   | Identified a scroll of acquirement
 14375 | Lair:4   | Acquired 1205 gold pieces
 14574 | D:7      | Bought the ring of Muxink {Will+ Str+4} for 525 gold pieces
 14574 | D:7      | Bought the amulet "Zuhecy" {Spirit rCorr Int-5 Dex+3} for
                  | 499 gold pieces
 14590 | D:7      | Bought a +4 ring of slaying for 1014 gold pieces
 14641 | D:7      | Bought a +5 heavy quarterstaff for 410 gold pieces
 15383 | Lair:5   | Identified the +10 mace of Lawnayh {protect, Fragile rElec
                  | rF+ rC+}
 15521 | Lair:5   | Reached ****** piety under Wu Jian
 15528 | Lair:5   | Reached XP level 15. HP: 101/101 MP: 15/15
 15963 | Lair:5   | Identified the +10 morningstar "Rery" {freeze, rCorr}
 15970 | Lair:5   | Identified the +0 cloak of Servitude {Regen+}
 16170 | Lair:5   | Reached skill level 15 in Fighting
 16569 | D:12     | Noticed Frances
 16581 | D:12     | Killed Frances
 17437 | Orc:1    | Entered Level 1 of the Orcish Mines
 17444 | Orc:1    | Reached skill level 15 in Staves
 17559 | Orc:1    | Noticed Sonja
 17582 | Orc:1    | Killed Sonja
 17821 | Orc:1    | Found Tiwyzi's Magic Scroll Shop.
 17830 | Orc:1    | Bought a scroll of poison for 48 gold pieces
 17830 | Orc:1    | Bought a scroll of teleportation for 36 gold pieces
 17830 | Orc:1    | Bought a scroll of magic mapping for 90 gold pieces
 17830 | Orc:1    | Bought a scroll of immolation for 48 gold pieces
 17984 | Orc:2    | Entered Level 2 of the Orcish Mines
 17988 | Orc:2    | Found a staircase to the Elven Halls.
 18051 | Orc:2    | Found a gate leading to a gauntlet.
 18068 | Gauntlet | Entered a Gauntlet
 18068 | Gauntlet | Found a transporter.
 18068 | Gauntlet | Found a transporter.
 18070 | Gauntlet | Found a transporter.
 18070 | Gauntlet | Found a transporter.
 18074 | Gauntlet | Found a transporter.
 18074 | Gauntlet | Found a transporter.
 18105 | Gauntlet | Found a transporter.
 18111 | Gauntlet | Found a transporter.
 18119 | Gauntlet | Found a transporter.
 18135 | Gauntlet | Found a transporter.
 18161 | Gauntlet | Found a transporter.
 18165 | Gauntlet | Found a transporter.
 18244 | Gauntlet | Identified the ring "Nili" {Fire Slay+3}
 18340 | Gauntlet | Identified the +2 hat of the Furies {rPois Str+3}
 18470 | Gauntlet | Identified the +1 ring mail of Repulsion {Will+ MP-9 Str+4}
 18512 | Orc:2    | Noticed Donald
 18525 | Orc:2    | Killed Donald
 18807 | Orc:2    | Found Feir Rio's Antique Armour Emporium.
 18807 | Orc:2    | Found Poileputt's Distillery.
 18809 | Orc:2    | Found Kiugiof's Magic Scroll Boutique.
 18809 | Orc:2    | Found Zowiessu's Jewellery Emporium.
 18815 | Orc:2    | Bought a potion of curing for 45 gold pieces
 18815 | Orc:2    | Bought a potion of curing for 45 gold pieces
 18815 | Orc:2    | Bought a potion of curing for 45 gold pieces
 18817 | Orc:2    | Bought a scroll of teleportation for 54 gold pieces
 18817 | Orc:2    | Bought a scroll of teleportation for 54 gold pieces
 18817 | Orc:2    | Bought a scroll of teleportation for 54 gold pieces
 18817 | Orc:2    | Bought a scroll of fog for 72 gold pieces
 18820 | Orc:2    | Bought a pair of runed gloves for 225 gold pieces
 18866 | Orc:2    | Found Jixykk's CLEARANCE SALE!.
 18871 | Orc:2    | Bought a wand of iceblast (8) for 57 gold pieces
 19264 | D:13     | Found a sparkling altar of Nemelex Xobeh.
 19282 | D:13     | Found Fabimele's Antique Armour Boutique.
 19292 | D:13     | Bought a heavily runed hat for 198 gold pieces
 19292 | D:13     | Identified the +2 hat of the Volcano {+Inv} (You bought it
                  | in a shop on level 13 of the Dungeon)
 19602 | D:13     | Reached XP level 16. HP: 110/111 MP: 12/16
 19916 | D:13     | Found a gate to the Vaults.
 20786 | D:4      | Bought a ring of see invisible for 210 gold pieces
 21931 | Snake:1  | Entered Level 1 of the Snake Pit
 22675 | Snake:1  | Reached skill level 15 in Armour
 23027 | Snake:1  | Noticed a nagaraja
 23051 | Snake:1  | Killed a nagaraja
 23338 | Swamp:1  | Entered Level 1 of the Swamp
 23689 | Swamp:1  | Reached XP level 17. HP: 113/120 MP: 11/17
 24385 | Swamp:2  | Noticed Mlioglotl
 24399 | Swamp:2  | Killed Mlioglotl
 24811 | Swamp:2  | Paralysed by a fenstrider witch for 3 turns
 26419 | Swamp:4  | Entered Level 4 of the Swamp
 26449 | Swamp:4  | Found a runed translucent door.
 26449 | Swamp:4  | Noticed LordWeiramon's ghost (adept DjTm)
 27920 | Swamp:4  | Got a decaying rune of Zot
 28304 | D:15     | Entered Level 15 of the Dungeon
 28506 | D:15     | Found Tuesuc's General Store.
 28514 | D:15     | Bought a scroll of immolation for 52 gold pieces
 28917 | D:15     | Found a staircase to the Depths.
 30067 | Snake:2  | Reached XP level 18. HP: 123/128 MP: 9/18
 30139 | Snake:2  | Identified the ring of Ginoal {rF+ rC- EV+5 Str+4}
 30572 | Snake:2  | Found Ifeuwe's Jewellery Boutique.
 30573 | Snake:2  | Found Puwnoas's Book Shoppe.
 30574 | Snake:2  | Found Boxosch's Jewellery Boutique.
 30585 | Snake:2  | Bought a ring of willpower for 300 gold pieces
 32029 | Snake:3  | Noticed Aizul
 32039 | Snake:3  | Killed Aizul
 32381 | Snake:3  | Found a runed translucent gate.
 32381 | Snake:3  | Found a runed translucent gate.
 32382 | Snake:3  | Found a runed translucent gate.
 32383 | Snake:3  | Noticed croobank's ghost (adept DsMo)
 32383 | Snake:3  | Noticed Luxzac's ghost (journeyman GrEE)
 32383 | Snake:3  | Noticed Haamyaq's ghost (adept TrFi)
 32728 | Snake:3  | Killed Haamyaq's ghost
 32856 | Snake:3  | Killed croobank's ghost
 32866 | Snake:3  | Killed Luxzac's ghost
 32943 | Snake:3  | Identified the +0 chain mail of Mory {*Slow rElec rPois}
 32944 | Snake:3  | Identified the ring of Vaifeoji {rCorr Dex+3}
 32948 | Snake:3  | Identified the +4 chain mail of Niwki {Dex+4 Slay+2}
 33067 | Snake:4  | Entered Level 4 of the Snake Pit
 33377 | Snake:4  | Found a frozen archway.
 33453 | IceCv    | Entered an ice cave
 34030 | IceCv    | Identified the +9 scale mail of the Sun {Harm}
 34160 | IceCv    | Reached XP level 19. HP: 126/136 MP: 9/19
 34244 | IceCv    | Noticed an Ice Fiend
 34278 | IceCv    | Killed an Ice Fiend
 36828 | Snake:4  | Got a serpentine rune of Zot
 37151 | Elf:1    | Entered Level 1 of the Elven Halls
 37175 | Elf:1    | Paralysed by an air elemental for 1 turns
 37177 | Elf:1    | Paralysed by an air elemental for 1 turns
 37180 | Elf:1    | Paralysed by an air elemental for 1 turns
 37457 | Elf:1    | Found Tumacutz's Overcharged Wands.
 37912 | Elf:1    | Found an ancient bone altar of Kikubaaqudgha.
 37975 | Elf:1    | Found a gateway to a bazaar.
 38020 | Bazaar   | Entered a bazaar
 38020 | Bazaar   | Found Atiokiq's General Store.
 38020 | Bazaar   | Found Ziuh's Assorted Antiques.
 38020 | Bazaar   | Found Migehoto's Armour Shop.
 38022 | Bazaar   | Found Neisyfin's Antique Armour Emporium.
 38022 | Bazaar   | Found Ynomicet's Magic Scroll Shop.
 38053 | Bazaar   | Bought a pair of crude gloves for 152 gold pieces
 38053 | Bazaar   | Identified the -2 pair of gloves of Shadows and Fog {rN+
                  | Int+3} (You bought it in a shop in a bazaar)
 38064 | Bazaar   | Bought a scroll of teleportation for 39 gold pieces
 38073 | Bazaar   | Bought the +0 pair of gloves of Mumblety Peg {Rampage rF-
                  | rN+ Will+} for 185 gold pieces
 38092 | Bazaar   | Bought a scroll of enchant weapon for 97 gold pieces
 38092 | Bazaar   | Bought a scroll of enchant weapon for 97 gold pieces
 38101 | Bazaar   | Bought a potion of curing for 48 gold pieces
 38101 | Bazaar   | Bought a scroll of fog for 64 gold pieces
 38101 | Bazaar   | Bought a scroll of teleportation for 48 gold pieces
 38977 | Elf:2    | Found Exocseof's General Store.
 38982 | Elf:2    | Bought a potion of might for 64 gold pieces
 38987 | Elf:2    | Bought a +3 scale mail of willpower for 416 gold pieces
 39240 | Elf:2    | Reached XP level 20. HP: 44/145 MP: 0/20
 39244 | Elf:2    | Found a runed translucent gate.
 39244 | Elf:2    | Found a runed translucent gate.
 39474 | Elf:2    | Found a runed translucent gate.
 39703 | Elf:2    | Paralysed by an air elemental for 1 turns
 40109 | Elf:2    | Noticed Azrael
 40122 | Elf:2    | Killed Azrael
 40445 | Elf:2    | HP: 7/147 [+1 scimitar of holy wrath (12)]
 40453 | Elf:2    | HP: 1/147 [+1 heavy broad axe (15)]
 40453 | Elf:2    | Demolished by a +2 executioner's axe of flaming

Illustrated notes

Levels and vault maps discovered:
D:1:      spicycebolla_arrival_transporter_tutorial, layout_basic
D:2:      layout_basic, uniq_crazy_yiuf_cottage
D:3:      layout_rooms, nicolae_dithmenos_shadow_blocks, basic_ecumenical_altar,
          kennysheep_nondescript, uniq_terence
D:4:      layout_loops_corners, amethyst_overflow_temple_binary,
          vehumet_altar_wand_db, minmay_temple_entry_butterflies, serial_shops,
          nicolae_stop_n_shop_1, shop, shop, shop, nicolae_shop_window_shopping,
          minmay_three_crescents
D:5:      layout_basic, abandoned_shop, serial_bayou_crossing, uniq_pikel
D:6:      layout_gridville, mainiacjoe_overflow_alcove_1, amcnicky_altar_gilded,
          minmay_unpleasant_kobolds, uniq_duvessa
D:7:      layout_gridville, kennysheep_little_box,
          mainiacjoe_overflow_small_starburst, serial_shops, shop, shop,
          nicolae_shop_peninsula, shop, eino_small_chamber_without_monster
D:8:      old_forge, layout_basic, dancing_weapons_uskayaw, lemuel_tele_altar
D:9:      layout_loops_corners, lemuel_crystal_altar, david_orc_3,
          enter_bailey_3, bh_walls_and_bars
D:10:     layout_cave_pools, mainiacjoe_overflow_catwalk, kennysheep_mini,
          uniq_psyche
D:11:     layout_roguey, erik_lair_orcish_takeover
D:12:     layout_layer_cave, minmay_crystal_water, uniq_frances
D:13:     layout_irregular_city, hangedman_vaults_entry_quadrant_bands,
          serial_shops, shop, nemelex_lonely_heart_becter
D:14:     layout_roguey, infiniplex_staircase_pillars_2
D:15:     grunt_enter_depths_magical_seal, layout_basic, serial_shops,
          nicolae_lakefront_shop
Temple:   nicolae_temple_figure_zero
Lair:1:   layout_gridlike, nicolae_quartered_pool_little,
          chequers_serial_rivers_small_b, cheibrodos_lair_lostbears,
          grunt_megastairs_4
Lair:2:   layout_chaotic_city, guppyfry_snake_entry_garden,
          lightli_volcano_entry_magma_tube, bobbens_dragon_lair_wall,
          lemuel_fruit_tree
Lair:3:   layout_concentric_octagons, skrybe_swamp_entry_bodies,
          kennysheep_basilisk_garden, grunt_megastairs_1
Lair:4:   layout_cave_shapes, nicolae_slime_entry_slimehenge,
          serial_bayou_shore_b
Lair:5:   minmay_lair_end_enchanted_forest, layout_gridlike,
          gammafunk_lair_bear_cave, infiniplex_staircase_pool_2
Swamp:1:  layout_basic_swamp, evilmike_swamp_ruin_house_5, swamp_pool3,
          nicolae_swamp_little_swirl
Swamp:2:  layout_basic_swamp, evilmike_swamp_ruin_house_3,
          infiniplex_staircase_pool, uniq_mlioglotl
Swamp:3:  nicolae_swamp_wrong_neighborhood, layout_basic_swamp,
          evilmike_swamp_ruin_rubble_1, nicolae_swamp_small_spring
Swamp:4:  swamp_icy, layout_basic_swamp, ebering_ghost_inner_flame
Snake:1:  layout_cave_shapes, hangedman_snake_wide_pillar_pass,
          hangedman_snake_sidewinding
Snake:2:  layout_misc_corridors, minmay_shop_grove
Snake:3:  layout_onion, gammafunk_ghost_cemetery, grunt_ministairs_1, uniq_aizul
Snake:4:  snake_pit, layout_cave_town, portal_ice_cave_entry_frozen_things
Orc:1:    layout_caves, serial_shops, nicolae_lakefront_shop, rock_pile,
          uniq_sonja
Orc:2:    grunt_orc_tribal_feast, layout_caves, gauntlet_entry_generic,
          nicolae_shop_clearance, uniq_donald
Elf:1:    layout_onion_city, serial_shops, statue_bzr, basic_altar,
          nicolae_shop_overcharged_wands
Elf:2:    nicolae_elf_blades_splatter_lattice [grunt_blade_entry_basic],
          layout_onion_city, serial_shops, shop, uniq_azrael

Skill      XL: |  1  2  3  4  5  6  7  8  9 10 11 12 13 14 15 16 17 18 19 20 |
---------------+-------------------------------------------------------------+-----
Dodging        | 3 4 5 6 7 8 9 |  9.2
Armour         | 1 2 3 7 8 9 10 11 12 13 15 18 20 21 22 | 22.2
Maces & Flails | 4 |  4.2
Staves         | 2 3 7 8 9 11 13 14 15 | 15.9
Fighting       | 4 8 9 11 14 16 18 19 20 22 | 22.5
Evocations     | 3 4 5 7 8 9 |  9.2
Stealth        | 1 2 3 4 |  4.4
Polearms       | 3 |  3.5
Throwing       | |  0.1

Action                     |  1- 3 |  4- 6 |  7- 9 | 10-12 | 13-15 | 16-18 | 19-21 || total
---------------------------+-------+-------+-------+-------+-------+-------+-------++-------
  Melee: Mace              |    89 |    10 |       |       |       |       |       ||    99
         Quarterstaff      |       |   113 |   222 |   834 |   874 |  1335 |   659 ||  4037
         Unarmed           |       |       |       |     6 |       |       |       ||     6
         Glaive            |       |       |       |       |    19 |       |       ||    19
  Throw: Boomerang         |       |       |     2 |       |       |       |       ||     2
         Throwing net      |       |       |       |     1 |       |       |       ||     1
         Dart              |       |       |       |     1 |       |       |       ||     1
 Invoke: Heavenly Storm    |       |       |       |     1 |     1 |     2 |     1 ||     5
Ability: Whirlwind         |       |       |    15 |   107 |   136 |   218 |   127 ||   603
         Lunge             |       |       |    15 |    53 |    77 |   146 |    69 ||   360
         Wall Jump         |       |       |     1 |    20 |    21 |    26 |    13 ||    81
  Evoke: Wand              |       |       |     4 |     8 |    14 |     6 |     3 ||    35
         Lightning rod     |       |       |       |       |       |     1 |       ||     1
         Box of beasts     |       |       |       |       |       |       |     1 ||     1
         Phial of floods   |       |       |       |       |       |       |     1 ||     1
    Use: Scroll            |     6 |     9 |     4 |     9 |     3 |    10 |     4 ||    45
         Potion            |       |     2 |     1 |     4 |     9 |     4 |     6 ||    26
   Stab: Held in net/web   |       |       |       |     2 |       |       |       ||     2
         Fleeing           |       |       |       |     1 |       |     3 |       ||     4
         Distracted        |       |       |       |     1 |       |     1 |       ||     2
 Armour: Robe              |    16 |       |       |       |       |       |       ||    16
         Ring mail         |    29 |    12 |       |       |       |       |       ||    41
         Scale mail        |       |    28 |    81 |       |       |       |   162 ||   271
         Chain mail        |       |       |     6 |   350 |       |    66 |   216 ||   638
         Skin              |       |       |       |     5 |       |       |       ||     5
         Plate armour      |       |       |       |       |   526 |   955 |       ||  1481
         Ice dragon scales |       |       |       |       |       |    60 |    20 ||    80
  Dodge: Dodged            |    43 |    67 |    92 |   332 |   343 |   654 |   336 ||  1867
